Map: Temple of the Past

Players

NamroodTuo

  • Race: Zerg Zerg
  • Spawn Location: 0:00

kazak

  • Race: Terran Terran
  • Spawn Location: 0:00

VOD

Have the link to the VOD?

Description

Time

  • Played on: Dec. 28, 2022, 4:24 p.m.
  • Length: 11:35
Show
View Real Time Build Order
Export as new Build Order

NamroodTuo Zerg 

Build Orders:  

Get SALT Encoding   

  12  0:05  Drone  
  13  0:12  Drone  
  14  0:28  Overlord  
  14  0:55  Drone x2  
  14  0:56  Drone  
  17  1:09  Drone  
  18  1:18  Drone  
  19  1:35  Extractor  
  19  1:39  Extractor, Drone  
  18  1:53  Spawning Pool  
  18  1:58  Drone  
  18  2:07  Drone  
  19  2:26  Drone  
  20  2:34  Drone  
  21  2:49  Drone  
  22  3:03  Evolution Chamber  
  22  3:07  Drone  
  22  3:26  Overlord  
  22  3:53  Zergling x4  
  24  4:01  Metabolic Boost  
  24  4:05  Zerg Melee Weapons Level 1  
  24  4:31  Zergling x2  
  24  4:32  Zergling x2  
  29  4:40  Zergling x2  
  27  4:56  Drone  
  28  5:06  Drone  
  29  5:16  Lair  
  29  5:23  Zergling x2  
  30  6:12  Overlord  
  30  6:13  Overlord x2  
  29  6:21  Hydralisk Den  
  29  6:24  Drone  
  29  6:45  Hatchery, Zerg Ground Armor Level 1  
  27  7:09  Hive  
  27  7:12  Hydralisk x2  
  27  7:13  Hydralisk  
  32  7:37  Muscular Augments  
  32  7:43  Hydralisk  
  32  7:44  Hydralisk  
  36  7:56  Lair  
  35  9:20  Ventral Sacs  
  35  9:25  Hive  
  35  9:32  Hydralisk  
  35  9:33  Hydralisk x5  
  35  9:34  Hydralisk x5  
  35  9:35  Hydralisk  
  33  10:56  Hydralisk  
  33  10:57  Hydralisk x9  
  51  11:20  Unknown  
Show
View Real Time Build Order
Export as new Build Order

kazak Terran 

Build Orders:  

Get SALT Encoding   

  12  0:07  SCV  
  13  0:24  SCV  
  14  0:41  SCV  
  15  0:51  Supply Depot  
  15  1:21  SCV  
  15  1:25  Supply Depot  
  16  1:38  SCV  
  17  1:55  SCV  
  17  1:58  Barracks  
  18  2:08  Refinery  
  18  2:12  SCV  
  18  2:19  Refinery  
  19  2:28  SCV  
  20  2:34  Barracks  
  20  2:45  SCV  
  21  3:01  Barracks Tech Lab  
  21  3:02  SCV  
  22  3:19  SCV  
  23  3:29  Barracks Tech Lab  
  23  3:36  SCV  
  24  3:53  SCV  
  24  3:55  Medic x2  
  29  4:07  Marine x2  
Tags
 
Add a new tag
Caveats
  • Supply blocks, unpowered buildings, or Contaminate may cause inaccurate times.
  • Supply counts are checked every 10 seconds.